[Event "Titled Tuesday Blitz April 05 Early 2022"]
[White "Le Ruyet, Leopold"]
[Black "Manukian, Artak"]
[WhiteFideId "645923"]
[BlackFideId "13301373"]
[WhiteElo "2276"]
[BlackElo "2370"]
[Result "1-0"]
[Round "02"]
[TimeControl "180+1"]
[Date "2022.04.05"]
[WhiteClock "0:00:39"]
[BlackClock "0:00:44"]

1. e4 c6 2. d4 d5 3. e5 Bf5 4. h4 h5 5. Nc3 e6 6. Bg5 Qb6 7. Bd3 Qxb2 8. Bxf5 Qxc3+ 9. Bd2 Qxd4 10. Nf3 Qa4 11. Bd3 Nd7 12. O-O Nh6 13. Qe2 Ng4 14. Ng5 Ngxe5 15. f4 Nxd3 16. cxd3 Be7 17. Bc3 d4 18. Bb2 Bxg5 19. hxg5 g6 20. f5 1-0


[Site "https://www.chess.com"]

[Event "Titled Tuesday Blitz April 05 Early 2022"]
[White "Le, Tuan Minh"]
[Black "Csonka, Balazs"]
[WhiteFideId "12401153"]
[BlackFideId "742910"]
[WhiteElo "2450"]
[BlackElo "2404"]
[Result "1-0"]
[Round "02"]
[TimeControl "180+1"]
[Date "2022.04.05"]
[WhiteClock "0:00:07"]
[BlackClock "0:00:05"]

1. d4 d5 2. Nf3 Nf6 3. Bf4 e6 4. e3 Bd6 5. Bg3 O-O 6. c4 dxc4 7. Bxc4 c5 8. Nc3 a6 9. a4 Nc6 10. dxc5 Bxc5 11. Qe2 b6 12. O-O Bb7 13. Rfd1 Qe7 14. Bh4 Nb4 15. Ne5 Rfd8 16. Ng4 Rxd1+ 17. Rxd1 Rd8 18. h3 a5 19. e4 Rxd1+ 20. Qxd1 e5 21. Bxf6 gxf6 22. Nh6+ Kf8 23. Nxf7 Bxf2+ 24. Kh2 Bd4 25. Nh6 Bc8 26. Qh5 Qg7 27. Ne2 Be3 28. Nf5 Bxf5 29. Qxf5 Qg5 30. Qc8+ Kg7 31. Qg8+ Kh6 32. Qf8+ Qg7 33. Qd6 Bc5 34. Qd1 Qg5 35. Ng3 Kg6 36. Qd7 Qf4 37. Bf7+ Kh6 38. Bg8 Bg1+ 39. Kxg1 Qxg3 40. Qxh7+ Kg5 41. Qf5+ Kh6 42. Qxf6+ Qg6 43. Qxg6+ Kxg6 44. Bc4 Nc2 45. Kf2 Kg5 46. g3 Nd4 47. h4+ Kh5 48. Be2+ Kh6 49. Bd1 Ne6 50. Ke3 Nc5 51. g4 Kg6 52. g5 Ne6 53. Kf3 Nc5 54. Kg4 1-0


[Site "https://www.chess.com"]

[Event "Titled Tuesday Blitz April 05 Early 2022"]
[White "Lehtosaari, Mauri"]
[Black "Ardila, Oscar Humberto"]
[WhiteFideId "501999"]
[BlackFideId "4404742"]
[WhiteElo "2549"]
[BlackElo "1983"]
[Result "1-0"]
[Round "02"]
[TimeControl "180+1"]
[Date "2022.04.05"]
[WhiteClock "0:00:20"]
[BlackClock "0:00:13"]

1. d4 Nf6 2. Nf3 g6 3. Bg5 Bg7 4. Nbd2 h6 5. Bxf6 Bxf6 6. e4 d6 7. Bc4 O-O 8. c3 Nd7 9. O-O e5 10. h3 Qe7 11. Re1 Nb6 12. Bb3 c6 13. a4 a5 14. Nc4 Nxc4 15. Bxc4 Be6 16. Qb3 Bxc4 17. Qxc4 Kg7 18. Rad1 Rfd8 19. Nh2 h5 20. Nf3 Rab8 21. g3 Qc7 22. Kg2 b5 23. axb5 Rxb5 24. dxe5 Bxe5 25. Nxe5 Rxe5 26. Re2 Rde8 27. Qd4 f6 28. Qxd6 Qb7 29. Qd7+ R8e7 30. Qxb7 Rxb7 31. Rd6 c5 32. Ra6 c4 33. Rc6 Reb5 34. Rxc4 Rxb2 35. Rxb2 Rxb2 36. Rc7+ Kh6 37. Rf7 Rb3 38. Rxf6 Rxc3 39. Ra6 Ra3 40. h4 a4 41. e5 Kg7 42. Ra7+ Kf8 43. Kf1 Ra2 44. Kg2 Ra3 45. e6 Ra1 46. Kf3 a3 47. Kf4 a2 48. f3 Ke8 49. Kg5 Re1 50. Rxa2 Rxe6 51. Ra4 Kf7 52. Rf4+ Kg7 53. Re4 Rd6 54. Re7+ Kf8 55. Ra7 Kg8 56. g4 hxg4 57. fxg4 Kf8 58. Kh6 Kg8 59. g5 Kf8 60. Rg7 Rd4 61. Kxg6 Rxh4 62. Ra7 Rd4 63. Ra8+ Ke7 64. Kg7 Rg4 65. g6 Rg2 66. Ra1 Ke8 67. Re1+ Kd8 68. Kh7 Rh2+ 69. Kg8 Rg2 70. g7 Rf2 71. Re4 Rf5 72. Kh7 Rh5+ 73. Kg6 Rh2 74. g8=Q+ Kd7 75. Qf7+ 1-0


[Site "https://www.chess.com"]

[Event "Titled Tuesday Blitz April 05 Early 2022"]
[White "Leiva, Gianmarco"]
[Black "Koellner, Ruben Gideon"]
[WhiteFideId "3804399"]
[BlackFideId "12993093"]
[WhiteElo "2762"]
[BlackElo "2537"]
[Result "0-1"]
[Round "02"]
[TimeControl "180+1"]
[Date "2022.04.05"]
[WhiteClock "0:00:01"]
[BlackClock "0:01:32"]

1. e4 d6 2. d4 Nf6 3. Nc3 e5 4. Nf3 Nbd7 5. Rg1 h6 6. g4 c6 7. h4 exd4 8. Nxd4 Ne5 9. Be2 d5 10. f4 Nfxg4 11. Rh1 Be7 12. fxe5 Bxh4+ 13. Kf1 Nf2 14. Bf4 Nxd1 15. Rxd1 Be6 16. exd5 cxd5 17. Bb5+ Kf8 18. Nxe6+ fxe6 19. Kg2 Bg5 20. Bg3 g6 21. Ne4 Kg7 22. Nd6 Rf8 23. b3 Qb6 24. Rd3 Rad8 25. c4 Bf4 26. cxd5 Rxd6 27. exd6 Qxb5 28. Rf3 Qe2+ 0-1


[Site "https://www.chess.com"]

[Event "Titled Tuesday Blitz April 05 Early 2022"]
[White "Lewtak, Damian"]
[Black "Dubov, Daniil"]
[WhiteFideId "1141724"]
[BlackFideId "24126055"]
[WhiteElo "2362"]
[BlackElo "2791"]
[Result "0-1"]
[Round "02"]
[TimeControl "180+1"]
[Date "2022.04.05"]
[WhiteClock "0:00:12"]
[BlackClock "0:00:08"]

1. d4 Nf6 2. Nf3 d5 3. c3 c5 4. Bf4 cxd4 5. cxd4 Qb6 6. Qb3 Qxb3 7. axb3 Nc6 8. e3 e6 9. Nc3 Bb4 10. Bd3 O-O 11. h3 Bd7 12. Ke2 Rfc8 13. Ne5 Nxe5 14. dxe5 Ne8 15. Rhc1 Nc7 16. Rc2 Na6 17. Rac1 Nc5 18. Na2 Nxd3 19. Rxc8+ Rxc8 20. Rxc8+ Bxc8 21. Kxd3 Be7 22. e4 dxe4+ 23. Kxe4 Kf8 24. Nc3 Bd7 25. Kd3 Bc6 26. f3 Ke8 27. Be3 b6 28. Kc4 Kd7 29. b4 f6 30. b5 Bb7 31. Bd4 f5 32. Nd1 g5 33. Ne3 h5 34. b4 Ke8 35. Bc3 Kf7 36. Nc2 g4 37. hxg4 fxg4 38. fxg4 h4 39. Ne3 Bxg2 40. Be1 h3 41. Bg3 Bh4 42. Bh2 Bf2 43. Kd3 Bf3 44. Nc2 Kg6 45. Nd4 Bxg4 46. Ke4 Kg5 47. Nc6 Bf5+ 48. Kf3 Be1 49. Nxa7 Bg4+ 50. Ke4 Kh4 51. Nc8 Bg3 52. Bg1 Be2 53. Nxb6 Bxb5 54. Nd7 Bxd7 55. Kd4 Bb5 56. Kc5 Be2 57. Kd6 h2 58. Bxh2 Bxh2 59. Kxe6 Kg5 60. Kd5 Kf5 61. e6 Kf6 62. b5 Bxb5 63. Kc5 Be8 64. Kb6 Kxe6 65. Kb7 Kd5 66. Kc8 Bc6 67. Kd8 Kd6 68. Kc8 Bf4 69. Kd8 Bg5+ 70. Kc8 Kc5 71. Kc7 Bf6 72. Kc8 Kb6 73. Kb8 Bd7 74. Ka8 Bg5 75. Kb8 Bf4+ 76. Ka8 Bc6# 0-1


[Site "https://www.chess.com"]

[Event "Titled Tuesday Blitz April 05 Early 2022"]
[White "Madaminov, Mukhiddin"]
[Black "Butti, Enrique"]
[WhiteFideId "14210703"]
[BlackFideId "3700470"]
[WhiteElo "1916"]
[BlackElo "2080"]
[Result "0-1"]
[Round "02"]
[TimeControl "180+1"]
[Date "2022.04.05"]
[WhiteClock "0:00:02"]
[BlackClock "0:00:09"]

1. d4 Nf6 2. Nc3 g6 3. e4 d6 4. f4 Bg7 5. Bd3 Nc6 6. Nf3 Bg4 7. Be3 Nd7 8. e5 Nb4 9. Be2 c5 10. dxc5 dxe5 11. fxe5 Qa5 12. a3 Nc6 13. b4 Qc7 14. Nd5 Qb8 15. O-O Bxf3 16. Bxf3 Ncxe5 17. Rb1 e6 18. Nf4 O-O 19. Rb3 Rd8 20. Qe2 Nxf3+ 21. Qxf3 Ne5 22. Qe2 Qc7 23. Bc1 b6 24. cxb6 axb6 25. Bb2 Rac8 26. Rc1 Nc4 27. Bxg7 Kxg7 28. Rf1 e5 29. Nh3 f5 30. Ng5 Qe7 31. h4 Rd2 32. Qf3 e4 33. Qg3 e3 34. Re1 e2 35. h5 Rd1 36. Nf3 Nd2 37. h6+ Kg8 38. Kf2 Nxb3 39. Rxe2 Qc7 40. Qxc7 Rxc7 41. cxb3 Rd8 42. Ng5 Rcd7 43. Kg3 Rd2 44. Kh2 Rxe2 45. Ne6 Rdd2 46. Nf4 Rf2 47. Kg3 Rxf4 48. Kxf4 Rb2 49. a4 Rxb3 50. a5 Rxb4+ 51. Ke5 Ra4 52. Kf6 Rxa5 53. Kg5 f4+ 54. Kg4 Rf5 55. Kh4 f3 56. g4 f2 57. gxf5 f1=Q 58. fxg6 hxg6 59. h7+ Kxh7 60. Kg5 Qe2 61. Kf6 Qe3 62. Kf7 g5 63. Kf6 g4 64. Kf5 g3 65. Kg4 g2 66. Kh4 g1=Q 67. Kh5 Qh3# 0-1


[Site "https://www.chess.com"]

[Event "Titled Tuesday Blitz April 05 Early 2022"]
[White "Manelyuk, Daniil"]
[Black "Mekhitarian, Krikor Sevag"]
[WhiteFideId "44173920"]
[BlackFideId "2107660"]
[WhiteElo "2209"]
[BlackElo "2598"]
[Result "0-1"]
[Round "02"]
[TimeControl "180+1"]
[Date "2022.04.05"]
[WhiteClock "0:00:04"]
[BlackClock "0:01:08"]

1. e4 c5 2. Nf3 g6 3. d4 cxd4 4. Nxd4 Nc6 5. c4 Nf6 6. Nc3 d6 7. Be2 Nxd4 8. Qxd4 Bg7 9. Be3 O-O 10. Qd2 a5 11. O-O a4 12. f3 Be6 13. Rfc1 Qa5 14. Rab1 Rfc8 15. Nd5 Qxd2 16. Bxd2 Nxd5 17. cxd5 Bd7 18. Bc3 Bh6 19. Rc2 Be3+ 20. Kf1 b5 21. Bd3 Rc7 22. Ke2 Bc5 23. a3 f5 24. Bb4 Rac8 25. Rbc1 fxe4 26. Bxe4 Kf7 27. f4 Bg4+ 28. Bf3 Bf5 29. Rc3 h5 30. h3 h4 31. Bxc5 dxc5 32. Re3 b4 33. Kf2 Kf6 34. Re5 bxa3 35. bxa3 c4 36. Bg4 c3 37. Bxf5 gxf5 38. Re6+ Kf7 39. Re5 Kf6 40. Ke3 c2 41. Kd2 Rc3 42. Re6+ Kf7 43. Re3 R3c4 44. Rf3 Rd4+ 45. Ke2 Rxd5 46. Re3 Rd4 47. Kf2 Rxf4+ 48. Ke2 Rd4 49. Re5 e6 50. Ke3 Rd1 0-1


[Site "https://www.chess.com"]

[Event "Titled Tuesday Blitz April 05 Early 2022"]
[White "Manon-og, Ramon Jr."]
[Black "Sadovsky, Artem"]
[WhiteFideId "5200776"]
[BlackFideId "4155840"]
[WhiteElo "2251"]
[BlackElo "2314"]
[Result "1/2-1/2"]
[Round "02"]
[TimeControl "180+1"]
[Date "2022.04.05"]
[WhiteClock "0:00:09"]
[BlackClock "0:00:41"]

1. e4 g6 2. d4 Bg7 3. Nc3 c6 4. Nf3 d5 5. e5 h5 6. h3 Nh6 7. Bg5 Nf5 8. Bd3 b5 9. a3 a5 10. O-O Na6 11. Re1 Nc7 12. Qd2 Ne6 13. Bxf5 Nxg5 14. Nxg5 Bxf5 15. e6 f6 16. Nf7 Qc7 17. Nxh8 Bxh8 18. Qh6 O-O-O 19. Re3 Kb8 20. g4 hxg4 21. hxg4 Bxg4 22. Qxg6 f5 23. Ne2 Bxe2 24. Rxe2 Bxd4 25. c3 Bb6 26. Kg2 Qc8 27. Kf3 Rg8 28. Qf7 Rg4 29. Rh1 Qc7 30. Qe8+ Kb7 31. Qd7 Rf4+ 32. Kg2 Rg4+ 33. Kf1 Qxd7 34. exd7 Rg7 35. Rh8 e5 36. d8=Q Bxd8 37. Rxd8 e4 38. Rf8 Rg5 39. Re3 Kb6 40. Rg3 Rh5 41. Rg6 Kc5 42. b4+ axb4 43. axb4+ Kc4 44. Rxc6+ Kd3 45. Rc5 e3 46. Rxd5+ Ke4 47. Rd4+ Kf3 48. Rxf5+ Rxf5 49. fxe3 Kxe3+ 50. Kg2 Rf2+ 51. Kg3 Rc2 52. Rd5 Rxc3 53. Rxb5 Kd4+ 54. Kf4 Kc4 55. Rc5+ Kxb4 56. Rxc3 Kxc3 1/2-1/2


[Site "https://www.chess.com"]

[Event "Titled Tuesday Blitz April 05 Early 2022"]
[White "Manukyan, Sargis A."]
[Black "Pranav, V"]
[WhiteFideId "13303970"]
[BlackFideId "25060783"]
[WhiteElo "2187"]
[BlackElo "2349"]
[Result "0-1"]
[Round "02"]
[TimeControl "180+1"]
[Date "2022.04.05"]
[WhiteClock "0:00:04"]
[BlackClock "0:01:33"]

1. d4 Nf6 2. e3 g6 3. Nf3 Bg7 4. Be2 O-O 5. O-O d6 6. Nbd2 Nbd7 7. b3 e5 8. dxe5 dxe5 9. Bb2 e4 10. Nd4 Re8 11. c4 a6 12. b4 c5 13. bxc5 Nxc5 14. N4b3 Nd3 15. Bc3 h5 16. Nxe4 Nxe4 17. Bxg7 Nexf2 18. Qc2 Kxg7 19. Bxd3 Nxd3 20. Rad1 Rxe3 21. Qd2 Qg5 22. Qc3+ Ne5 23. Qd4 Re2 24. g3 Bh3 25. Rf4 Rd8 26. Qxd8 Qxf4 27. gxf4 Nf3+ 28. Kh1 Bg2# 0-1


[Site "https://www.chess.com"]

[Event "Titled Tuesday Blitz April 05 Early 2022"]
[White "Martinez, Shawn"]
[Black "Mokshanov, Alexey"]
[WhiteFideId "2039770"]
[BlackFideId "24121657"]
[WhiteElo "2174"]
[BlackElo "2141"]
[Result "0-1"]
[Round "02"]
[TimeControl "180+1"]
[Date "2022.04.05"]
[WhiteClock "0:00:08"]
[BlackClock "0:01:23"]

1. e4 e6 2. d4 d5 3. Bd3 Nf6 4. e5 Nfd7 5. f4 c5 6. c3 Nc6 7. Nf3 Qb6 8. Bc2 cxd4 9. cxd4 Nb4 10. Nc3 Nxc2+ 11. Qxc2 Nb8 12. O-O Nc6 13. Be3 g6 14. Kh1 Bd7 15. Rf2 Be7 16. Raf1 O-O-O 17. Na4 Qb5 18. b3 Kb8 19. Ng5 Rdf8 20. Nc5 Bc8 21. a3 h6 22. Nf3 b6 23. a4 Qa5 24. Bd2 Nxd4 25. Nxd4 Qxc5 26. Qd3 Ba6 27. Qxa6 Qxd4 28. a5 Rc8 29. axb6 Qxb6 30. Qa4 Rc2 31. g3 Rhc8 32. Kg2 Bc5 33. Ba5 Rxf2+ 34. Rxf2 Qc6 35. Qxc6 Rxc6 36. Rc2 Kb7 37. Bd8 Bb6 38. Rxc6 Kxc6 39. Bf6 Kb5 40. Be7 Bc5 41. Bd8 Kb4 42. g4 Kxb3 43. h4 h5 44. f5 d4 45. Kf3 Kc2 46. Ba5 d3 47. Kg2 d2 0-1


[Site "https://www.chess.com"]

[Event "Titled Tuesday Blitz April 05 Early 2022"]
[White "Matveeva, Olga"]
[Black "Vovk, Orest"]
[WhiteFideId "24107018"]
[BlackFideId "14113490"]
[WhiteElo "2083"]
[BlackElo "2203"]
[Result "0-1"]
[Round "02"]
[TimeControl "180+1"]
[Date "2022.04.05"]
[WhiteClock "0:00:29"]
[BlackClock "0:02:17"]

1. d4 e5 2. dxe5 Nc6 3. Nf3 Qe7 4. e3 Nxe5 5. Be2 Nf6 6. O-O d5 7. b3 Nxf3+ 8. Bxf3 Qe5 9. c3 Bd6 10. g3 Bh3 11. Re1 h5 12. Bb2 h4 13. Qe2 hxg3 14. fxg3 Qg5 15. Bg2 Bxg2 16. Qxg2 Ng4 17. h4 Qe5 18. c4 Qxg3 19. Qxg3 Bxg3 20. Re2 Rxh4 21. cxd5 O-O-O 22. e4 Be5 23. Bxe5 Nxe5 24. Nc3 Rdh8 25. Kf2 Rh2+ 26. Ke3 R8h3+ 27. Kd2 Rd3+ 28. Ke1 Rh1+ 0-1


[Site "https://www.chess.com"]

[Event "Titled Tuesday Blitz April 05 Early 2022"]
[White "Melaugh, Shane"]
[Black "Omariev, Maksim"]
[WhiteFideId "2509580"]
[BlackFideId "4193423"]
[WhiteElo "1972"]
[BlackElo "2499"]
[Result "1-0"]
[Round "02"]
[TimeControl "180+1"]
[Date "2022.04.05"]
[WhiteClock "0:00:12"]
[BlackClock "0:00:02"]

1. c4 h5 2. d4 h4 3. Nc3 c6 4. e4 d6 5. Bg5 h3 6. Nxh3 Bxh3 7. gxh3 Qa5 8. Qd2 e5 9. dxe5 dxe5 10. O-O-O Be7 11. Rg1 g6 12. Bxe7 Nxe7 13. Qd6 Na6 14. Qd7+ Kf8 15. Qxb7 Rb8 16. Qxa7 Nc8 17. Qd7 Kg7 18. Be2 Rh6 19. Rg3 Nc5 20. Qxc6 Nb6 21. Rf3 Ne6 22. Qb5 Qxb5 23. Nxb5 Nf4 24. Bf1 Na4 25. b3 Nc5 26. Re3 Nce6 27. a3 Rhh8 28. a4 Rhc8 29. Kb2 g5 30. Rd7 Kg6 31. Nd6 Rd8 32. Rxd8 Rxd8 33. Nf5 f6 34. Kc3 Rb8 35. b4 Rd8 36. b5 Nd4 37. a5 Nxf5 38. exf5+ Kxf5 39. a6 Ne6 40. b6 Nc5 41. a7 Nb7 42. Kb4 Ke6 43. c5 f5 44. Kb5 e4 45. c6 Nd6+ 46. Ka6 Kd5 47. b7 Nxb7 48. cxb7 1-0


[Site "https://www.chess.com"]

[Event "Titled Tuesday Blitz April 05 Early 2022"]
[White "Mickiewicz, Piotr"]
[Black "Rosenberg, Evan S"]
[WhiteFideId "1114891"]
[BlackFideId "2019299"]
[WhiteElo "2266"]
[BlackElo "2268"]
[Result "1-0"]
[Round "02"]
[TimeControl "180+1"]
[Date "2022.04.05"]
[WhiteClock "0:00:30"]
[BlackClock "0:00:01"]

1. e4 e5 2. Nf3 Nc6 3. Bc4 Bc5 4. d3 Nf6 5. Nbd2 O-O 6. O-O d5 7. exd5 Nxd5 8. Re1 Bg4 9. h3 Bh5 10. Ne4 Bb6 11. Ng3 Bg6 12. Nxe5 Nxe5 13. Rxe5 c6 14. Bxd5 cxd5 15. Qf3 Qc7 16. Re2 Rad8 17. Bf4 Qc5 18. Rae1 Rd7 19. c3 d4 20. c4 Ba5 21. Bd2 Bxd2 22. Rxd2 a5 23. a3 a4 24. Rde2 h6 25. Ne4 Qb6 26. h4 Qa5 27. Ng3 b5 28. h5 Bh7 29. Re5 Qd2 30. cxb5 Qxb2 31. Qc6 Rdd8 32. Ne4 Rc8 33. Qd7 Qxa3 34. b6 Rc1 35. Nd6 Rxe1+ 36. Rxe1 Qb4 37. Re8 Qb1+ 38. Kh2 Qxb6 39. Rxf8+ Kxf8 40. Qxf7# 1-0


[Site "https://www.chess.com"]

[Event "Titled Tuesday Blitz April 05 Early 2022"]
[White "Mikhailovsky, Vladimir"]
[Black "Aaditya Dhingra"]
[WhiteFideId "34105414"]
[BlackFideId "25678191"]
[WhiteElo "2755"]
[BlackElo "2484"]
[Result "1-0"]
[Round "02"]
[TimeControl "180+1"]
[Date "2022.04.05"]
[WhiteClock "0:00:06"]
[BlackClock "0:00:03"]

1. c4 e6 2. Nc3 d5 3. d4 Be7 4. Bf4 Nf6 5. e3 O-O 6. a3 Nbd7 7. Nb5 Ne8 8. c5 c6 9. Nc3 e5 10. Bg3 b6 11. b4 bxc5 12. bxc5 Qa5 13. Qd2 Nc7 14. Nf3 exd4 15. exd4 Re8 16. Be2 Ba6 17. O-O Bxe2 18. Nxe2 Qxd2 19. Nxd2 Bxc5 20. Rfe1 Bb6 21. Nb3 Ne6 22. Rac1 Rac8 23. Kf1 g5 24. a4 f5 25. f3 f4 26. Bf2 Bd8 27. Rc3 Nb6 28. a5 Nc4 29. Rec1 Rb8 30. g3 Bc7 31. gxf4 Nxf4 32. Nxf4 Bxf4 33. R1c2 Rb5 34. Nc5 Rxa5 35. Kg2 Ra1 36. Nd7 Rd8 37. Nc5 Kf7 38. Rb3 Nb6 39. Nd3 Rd6 40. Bg3 Bxg3 41. hxg3 Rd1 42. Ne5+ Ke6 43. Nxc6 Nc4 44. Nxa7 Ra6 45. Nb5 Raa1 46. Re2+ Kf6 47. Nc7 Rg1+ 48. Kh3 Rh1+ 49. Kg2 Rag1+ 50. Kf2 Rf1+ 51. Kg2 Rhg1+ 52. Kh3 Rh1+ 53. Rh2 Rxh2+ 54. Kxh2 Rd1 55. Nxd5+ Ke6 56. Nc7+ Kd7 57. Nb5 Kc6 58. d5+ Rxd5 59. Na3 Rd2+ 60. Kh3 Ne5 61. Rc3+ Kd5 62. Nc2 Rd3 63. Nb4+ Kd4 64. Nxd3 Nxd3 65. Rc7 h5 66. Rg7 Ke5 67. Rxg5+ Kf6 68. Rxh5 Nf4+ 69. gxf4 Kg6 70. Kg4 1-0


[Site "https://www.chess.com"]

[Event "Titled Tuesday Blitz April 05 Early 2022"]
[White "Mikhnenko, Alexander"]
[Black "Manolache, Marius"]
[WhiteFideId "34143014"]
[BlackFideId "1201530"]
[WhiteElo "2117"]
[BlackElo "2364"]
[Result "0-1"]
[Round "02"]
[TimeControl "180+1"]
[Date "2022.04.05"]
[WhiteClock "0:00:10"]
[BlackClock "0:00:41"]

1. e4 c5 2. Nf3 e6 3. Qe2 Nc6 4. g3 d6 5. Bg2 Nf6 6. O-O e5 7. Nc3 Be7 8. d3 h6 9. h4 Bg4 10. Be3 Rc8 11. Qd2 Qd7 12. Nh2 Bh3 13. Nd5 Bd8 14. f4 Bxg2 15. Qxg2 Ng4 16. Nxg4 Qxg4 17. f5 Ne7 18. Nxe7 Bxe7 19. Kh2 Bf6 20. Qf3 h5 21. Qxg4 hxg4 22. Kg2 Ke7 23. Rh1 a6 24. Bg5 c4 25. Rac1 Bxg5 26. hxg5 Rxh1 27. Rxh1 cxd3 28. c3 d5 29. exd5 Kd6 30. Kf2 Kxd5 31. Ke3 e4 32. Rh4 g6 33. fxg6 fxg6 34. Rxg4 Re8 35. b3 Re5 36. a4 a5 37. Rf4 Rxg5 38. g4 Re5 39. Rf8 b6 40. Rf6 Re6 41. Rf8 Ke5 42. Rf4 Kd5 43. Rf8 Rc6 44. Kd2 Ke5 45. g5 Rd6 46. Ke3 d2 0-1


[Site "https://www.chess.com"]

[Event "Titled Tuesday Blitz April 05 Early 2022"]
[White "Mirzoev, Azer"]
[Black "Devaev, Alexander"]
[WhiteFideId "13400304"]
[BlackFideId "4169395"]
[WhiteElo "2737"]
[BlackElo "2413"]
[Result "0-1"]
[Round "02"]
[TimeControl "180+1"]
[Date "2022.04.05"]
[WhiteClock "0:00:01"]
[BlackClock "0:00:09"]

1. c4 c5 2. Nc3 e6 3. g3 Nf6 4. Bg2 Be7 5. Nf3 O-O 6. O-O Nc6 7. d4 cxd4 8. Nxd4 Ne5 9. b3 d6 10. Bb2 a6 11. Qd2 Qc7 12. Rfd1 Rb8 13. Rac1 Re8 14. f4 Ng6 15. e3 Bf8 16. h3 h6 17. Kh2 Nd7 18. e4 b6 19. h4 Be7 20. f5 Nge5 21. fxe6 Nc5 22. Nd5 Qd8 23. exf7+ Kxf7 24. Kh1 Bb7 25. Nf5 Bf8 26. Rf1 Kg8 27. Rcd1 b5 28. cxb5 axb5 29. Ba1 b4 30. Qf4 Ba6 31. Rg1 Ncd3 32. Qe3 Ng4 33. Rxd3 Nxe3 34. Rxe3 Bb7 35. Nxh6+ Kh7 36. Nf7 Qa5 37. Ng5+ Kg8 38. Rd3 Qxa2 39. Bd4 Bxd5 40. exd5 Re2 41. Ne6 Rc8 42. Nf4 Rd2 43. Rxd2 Qxd2 44. Ne6 Rc2 45. Kh2 Ra2 46. Kh3 Qe2 47. Nf4 Qc2 48. Re1 Qxb3 49. Re8 Rxg2 50. Kxg2 Qc2+ 51. Re2 Qf5 52. Rb2 Qe4+ 53. Kh2 Qxd4 54. Rb3 Qc4 55. Re3 b3 56. Re8 Qb5 57. Rc8 Qb7 0-1


[Site "https://www.chess.com"]

[Event "Titled Tuesday Blitz April 05 Early 2022"]
[White "Mkrtchyan, Mariam"]
[Black "Sarkar, Justin"]
[WhiteFideId "13310828"]
[BlackFideId "2010011"]
[WhiteElo "1984"]
[BlackElo "2038"]
[Result "1/2-1/2"]
[Round "02"]
[TimeControl "180+1"]
[Date "2022.04.05"]
[WhiteClock "0:00:05"]
[BlackClock "0:00:03"]

1. Nf3 d5 2. g3 Nf6 3. Bg2 Nbd7 4. d4 Nb6 5. O-O Bf5 6. b3 e6 7. Bb2 Be7 8. Nbd2 O-O 9. c4 c5 10. cxd5 Nbxd5 11. Rc1 cxd4 12. Nxd4 Bg6 13. Nc4 Rc8 14. a3 a6 15. e3 Be4 16. Qe2 Bxg2 17. Kxg2 b5 18. Ne5 Qb6 19. Ndc6 Bd6 20. Rfd1 Qb7 21. e4 Bxe5 22. Nxe5 Rxc1 23. Rxc1 Ne7 24. f3 Ng6 25. Nd3 Rc8 26. Nc5 Qb8 27. b4 h6 28. Nxa6 Qb7 29. Nc5 Qc6 30. Qe3 Qe8 31. Nd3 Nd7 32. Rxc8 Qxc8 33. Qd2 Qc7 34. Qc3 Qxc3 35. Bxc3 Nb6 36. Nb2 Ne7 37. Kf2 Nc6 38. Ke3 e5 39. Kd3 f6 40. Kc2 Kf7 41. Kb3 Ke6 42. Nd1 Nc4 43. Bb2 Nd2+ 44. Kc2 Nxf3 45. Kd3 Nxh2 46. Nc3 Na7 47. Bc1 Ng4 48. Nd5 h5 49. Bd2 g5 50. Ke2 Nh2 51. Nc3 Ng4 52. Kf3 Nh2+ 53. Kg2 Ng4 54. Nd5 Nh6 55. Nc3 Ng4 56. Kf3 Nc6 57. Nxb5 f5 58. exf5+ Kxf5 59. Nd6+ Ke6 60. Ne4 Nd4+ 61. Kg2 Kd5 62. Nxg5 Nc2 63. Bc1 Nge3+ 64. Bxe3 Nxe3+ 65. Kf3 Nc2 66. g4 hxg4+ 67. Kxg4 Nxa3 68. Nf3 Kc4 69. Nxe5+ Kxb4 1/2-1/2


[Site "https://www.chess.com"]

[Event "Titled Tuesday Blitz April 05 Early 2022"]
[White "Mortazavi, Ali"]
[Black "Mika, Tomasz"]
[WhiteFideId "401323"]
[BlackFideId "1132970"]
[WhiteElo "2339"]
[BlackElo "2116"]
[Result "1-0"]
[Round "02"]
[TimeControl "180+1"]
[Date "2022.04.05"]
[WhiteClock "0:00:49"]
[BlackClock "0:00:11"]

1. Nf3 d5 2. g3 Nf6 3. Bg2 e6 4. O-O Be7 5. d3 O-O 6. Nbd2 c5 7. e4 Nc6 8. Re1 b6 9. e5 Nd7 10. Nf1 a5 11. a4 Ba6 12. h4 Nd4 13. Nxd4 cxd4 14. Nh2 Qc7 15. Nf3 Rac8 16. Re2 Bc5 17. b3 Bb4 18. Rb1 Bc3 19. Bb2 f6 20. exf6 Rxf6 21. Bxc3 dxc3 22. Qe1 Qd6 23. Ne5 Nxe5 24. Rxe5 d4 25. f4 Rc5 26. Qe2 Bc8 27. Re1 Rf5 28. Rxf5 Rxf5 29. Bh3 Rf6 30. Qe4 g6 31. Qe5 Qxe5 32. Rxe5 Ba6 33. Bxe6+ Kf8 34. Bc4 Bxc4 35. bxc4 Rc6 36. Kf2 Rd6 37. Kf3 1-0


[Site "https://www.chess.com"]

[Event "Titled Tuesday Blitz April 05 Early 2022"]
[White "Moskvin, Anatoly"]
[Black "Atakhan, Abtin"]
[WhiteFideId "24199990"]
[BlackFideId "22502203"]
[WhiteElo "2396"]
[BlackElo "2717"]
[Result "1/2-1/2"]
[Round "02"]
[TimeControl "180+1"]
[Date "2022.04.05"]
[WhiteClock "0:00:06"]
[BlackClock "0:00:03"]

1. e4 c5 2. Nf3 Nc6 3. Bb5 g6 4. O-O Bg7 5. Re1 e5 6. c3 Nge7 7. Na3 O-O 8. Nc2 d6 9. h3 a6 10. Bf1 b5 11. d4 cxd4 12. cxd4 exd4 13. Ncxd4 Bb7 14. Bg5 Nxd4 15. Nxd4 h6 16. Bh4 Qd7 17. Qd2 Rac8 18. Rad1 Nc6 19. Nb3 Ne5 20. Qxd6 Qxd6 21. Rxd6 Rc2 22. Rb6 Bc8 23. Re2 Rc7 24. Rb8 Bxh3 25. Rxf8+ Kxf8 26. Rd2 g5 27. Bg3 Be6 28. Nd4 Rc1 29. Nxe6+ fxe6 30. Rd8+ Ke7 31. Ra8 Nc4 32. Ra7+ Kf8 33. Rc7 Bxb2 34. a4 Na3 35. Rxc1 Bxc1 36. Bd6+ Ke8 37. Bxa3 Bxa3 38. axb5 a5 39. Bc4 Kd7 40. Kf1 Bc5 41. f3 Bb6 42. Ke2 Kd6 43. Kd3 e5 44. g4 Kc5 45. Kc3 a4 46. Be2 Ba5+ 47. Kc2 Kd4 48. Kb2 Kc5 49. Ka3 Bb6 50. Kxa4 Kd4 51. Kb4 Bc7 52. Kb3 Bb6 53. Kb4 Bc7 54. Kb3 Bb6 55. Kb4 1/2-1/2


[Site "https://www.chess.com"]

[Event "Titled Tuesday Blitz April 05 Early 2022"]
[White "Muradov, Soltan"]
[Black "Zavgorodniy, Sergiy"]
[WhiteFideId "14002108"]
[BlackFideId "14110148"]
[WhiteElo "1854"]
[BlackElo "2420"]
[Result "0-1"]
[Round "02"]
[TimeControl "180+1"]
[Date "2022.04.05"]
[WhiteClock "0:00:35"]
[BlackClock "0:00:59"]

1. Nf3 Nf6 2. d4 e6 3. e3 b6 4. b3 Bb7 5. Bb2 Be7 6. c4 O-O 7. Bd3 Bb4+ 8. Nbd2 Qe7 9. O-O Bxd2 10. Nxd2 d6 11. e4 Nbd7 12. f4 e5 13. fxe5 dxe5 14. d5 c5 15. Rf2 Ne8 16. Nf1 Nd6 17. Ng3 g6 18. Qe2 f6 19. Raf1 a6 20. h4 b5 21. Bc1 b4 22. Bh6 Rfe8 23. Qg4 Nf7 24. Be3 Kh8 25. h5 Rg8 26. hxg6 Rxg6 27. Qh3 Nd6 28. Kh1 Rag8 29. Be2 Rxg3 30. Qh6 R8g6 31. Qh5 Rxe3 32. Bg4 Nf8 0-1


[Site "https://www.chess.com"]

[Event "Titled Tuesday Blitz April 05 Early 2022"]
[White "Murzin, Volodar"]
[Black "Roberson, Peter T"]
[WhiteFideId "44155573"]
[BlackFideId "412384"]
[WhiteElo "2782"]
[BlackElo "2543"]
[Result "1-0"]
[Round "02"]
[TimeControl "180+1"]
[Date "2022.04.05"]
[WhiteClock "0:00:58"]
[BlackClock "0:00:32"]

1. e4 c5 2. Nf3 d6 3. d4 cxd4 4. Nxd4 Nf6 5. Nc3 a6 6. Be3 Ng4 7. Bc1 Nc6 8. f3 Nf6 9. Be3 e5 10. Nb3 Be6 11. Nd5 Be7 12. Bb6 Qb8 13. Nc7+ Kf8 14. Nxa8 Qxa8 15. c4 g6 16. Qd2 Kg7 17. Be2 Nd7 18. Be3 b5 19. Bh6+ Kg8 20. Rc1 f5 21. cxb5 axb5 22. Bxb5 Nd4 23. Nxd4 exd4 24. Bxd7 Bxd7 25. Qxd4 Kf7 26. Qg7+ Ke6 27. exf5+ gxf5 28. O-O Bf6 29. Rfe1+ Be5 30. f4 Rg8 31. Rxe5+ dxe5 32. Qxe5+ Kf7 33. Bg5 Re8 34. Qf6+ Kg8 35. Bh6 Qa7+ 36. Kh1 Be6 37. h3 Bd5 38. Kh2 Bxg2 39. Rg1 Qxg1+ 40. Kxg1 Re1+ 41. Kf2 Re2+ 42. Kxe2 Bf3+ 43. Kd2 1-0


[Site "https://www.chess.com"]